 Dungeon Crawl Stone Soup version 0.24-a0-433-gbe6fa4f6cc (webtiles) character file.

Game seed: 12384538779548521189

254 Amnesiac the Poker (level 6, -2/44 HPs)
             Began as a Merfolk Skald on June 14, 2019.
             Was an Initiate of Gozag.
             Slain by a gnoll
             ... wielding a +0 spear
              (6 damage)
             ... on level 3 of the Dungeon.
             The game lasted 00:04:55 (2091 turns).

Amnesiac the Poker (Merfolk Skald)                  Turns: 2091, Time: 00:04:56

Health: -2/44      AC:  4    Str: 11    XL:     6   Next: 15%
Magic:  7/18       EV: 12    Int: 13    God:    Gozag
Gold:   100        SH:  0    Dex: 15    Spells: 5/9 levels left

rFire    . . .     SeeInvis .   a - +0 spear
rCold    . . .     Gourm    .   (no shield)
rNeg     . . .     Faith    .   b - +0 leather armour
rPois    .         Spirit   .   (no helmet)
rElec    .         Reflect  .   (no cloak)
rCorr    .         Harm     .   j - +0 pair of gloves
MR       .....                  (no boots)
Stlth    +.........             (no amulet)
HPRegen  0.14/turn              e - ring of magical power
MPRegen  0.16/turn              (no ring)

@: infused (expiring), gold aura
A: change form in water, swift swim, stealthy swim
a: Potion Petition, Call Merchant, Bribe Branch, Renounce Religion


You were on level 3 of the Dungeon.
You worshipped Gozag.
Gozag was aware of your devotion.
You were not hungry.

You visited 1 branch of the dungeon, and saw 3 of its levels.

You collected 132 gold pieces.
You paid 32 gold pieces to Gozag.

Inventory:

Hand Weapons
 a - a +0 spear (weapon)
Armour
 b - a +0 leather armour (worn)
 j - a +0 pair of gloves (worn)
Jewellery
 e - a ring of magical power (left hand)
Scrolls
 h - 2 scrolls of noise {!r, unknown}
 i - 2 scrolls of teleportation {!r, unknown}
 k - a scroll of enchant armour {!r}
 l - a scroll of amnesia {!r, unknown}
 m - a scroll of remove curse {!r, unknown}
 n - a scroll of fear {!r, unknown}
Potions
 c - a potion of lignification {!q, unknown}
 g - 6 potions of curing {!q}
 o - a potion of degeneration {!q, unknown}
Comestibles
 d - 3 rations
 f - 2 chunks of flesh


   Skills:
 - Level 2.1 Fighting
 * Level 5.3 Polearms
 - Level 0.6 Armour
 - Level 2.6 Dodging
 - Level 2.0 Spellcasting
 - Level 4.2 Hexes
 - Level 4.2 Charms


You had 5 spell levels left.
You knew the following spells:

 Your Spells              Type           Power        Failure   Level  Hunger
a - Infusion              Chrm           ##..         6%          1    ##.....
e - Spectral Weapon       Hex/Chrm       ##......     19%         3    ####...

Your spell library contained the following spells:

 Spells                   Type           Power        Failure   Level  Hunger
 Song of Slaying          Chrm           ##......     9%          2    ###....
 Shroud of Golubria       Chrm/Tloc      #.....       22%         2    ###....
 Regeneration             Chrm/Necr      #.........   38%         3    ####...


Dungeon Overview and Level Annotations

Branches:
Dungeon (3/15)

Altars:
Gozag
Yredelemnul


Message History

Press: ? - help, Dir - move target cursor, f/p - gnoll
Aim: a gnoll, wielding a +0 spear (severely wounded)
You reach to attack!
You hit the gnoll.
The gnoll is severely wounded.
Attack whom?
Press: ? - help, Dir - move target cursor, f/p - gnoll
Aim: a gnoll, wielding a +0 spear (severely wounded)
You reach to attack!
You hit the gnoll but do no damage.
The gnoll is severely wounded.
A gnoll comes into view. It is wielding a +0 spear.
The gnoll hits you from afar with a +0 spear.
Attack whom?
Press: ? - help, Dir - move target cursor, f/p - gnoll
Aim: a gnoll, wielding a +0 spear (severely wounded)
You reach to attack!
The gnoll shouts!
You hit the gnoll.
The gnoll is almost dead.
The gnoll hits you from afar with a +0 spear.
A gnoll comes into view. It is wielding a +0 hand axe.
Casting: Infusion (safe; 6% risk of failure)
Confirm with . or Enter, or press ? or * to list all spells.
You begin infusing your attacks with magical energy.
The gnoll hits you from afar with a +0 spear.
Some of the chunks of flesh in your inventory have rotted away.
Attack whom?
Press: ? - help, Dir - move target cursor, f/p - gnoll
Aim: a gnoll, wielding a +0 spear (almost dead)
You reach to attack!
You hit the gnoll.
You kill the gnoll!
Training target 4.2 for Charms reached!
Attack whom?
Press: ? - help, Dir - move target cursor, f - gnoll
Aim: a gnoll, wielding a +0 hand axe You reach to attack!
You hit the gnoll.
The gnoll is moderately wounded.
You barely miss the gnoll.
The gnoll is moderately wounded.
The gnoll hits you with a +0 hand axe!
* * * LOW HITPOINT WARNING * * *
The gnoll completely misses you.
You hit the gnoll.
The gnoll is severely wounded.
The gnoll hits you with a +0 hand axe!
* * * LOW HITPOINT WARNING * * *
The gnoll hits you from afar with a +0 spear.
* * * LOW HITPOINT WARNING * * *
Things that are here:
a +0 spear; a +0 trident
Casting: Infusion (safe; 6% risk of failure)
Confirm with . or Enter, or press ? or * to list all spells.
You draw out your weapon's spirit!
You swap places.
The gnoll barely misses your spectral weapon.
Attack whom?
Press: ? - help, Dir - move target cursor, f/p - gnoll
Aim: a gnoll, wielding a +0 hand axe (heavily wounded)
You reach to attack!
You hit the gnoll.
You kill the gnoll!
You swap places.
Your magical infusion is running out.
The gnoll hits you with a +0 spear.
You die...
Your body crumbles into a pile of gold.

#.#####.## #.......<.
#.######## ### #.# #
#.#######.# #.........# #
#######.###
####g###########.###
#g$.g#..$g@(##.....## #.#
#.######.8...8.# ###
#.###.####.######...[...###.#
#.....g............._.......#
#####.####.######.......#...#
#.####.# #.8...8.##.##
#......# ###.....###.#
######## #.###.#####.##
#............##


You could see a gnoll and a friendly spectral +0 spear.

Vanquished Creatures
  2 orc priests (D:3)
  2 orc wizards (D:3)
  3 gnolls (D:3)
  2 oozes (D:3)
  2 worms (D:2)
  3 dart slugs
  6 leopard geckos
  6 orcs (D:3)
  9 goblins
  9 hobgoblins
  4 jackals (D:2)
  14 kobolds
  2 quokkas
  A ball python (D:1)
  10 bats
  10 rats
  A spectral orc (D:2)
86 creatures vanquished.

Notes
Turn   | Place    | Note
-------+----------+-------------------------------------------
     0 | D:1      | Amnesiac the Merfolk Skald began the quest for the Orb.
     0 | D:1      | Reached XP level 1. HP: 16/16 MP: 3/3
   162 | D:1      | Reached XP level 2. HP: 15/22 MP: 5/5
   661 | D:1      | Reached skill level 4 in Polearms
   706 | D:1      | Reached XP level 3. HP: 24/27 MP: 6/6
   764 | D:1      | Learned a level 3 spell: Spectral Weapon
  1093 | D:1      | Reached skill level 1 in Hexes
  1213 | D:2      | Reached XP level 4. HP: 33/33 MP: 7/7
  1471 | D:2      | Found a basalt altar of Yredelemnul.
  1679 | D:3      | Reached XP level 5. HP: 30/38 MP: 8/8
  1965 | D:3      | Found an opulent altar of Gozag.
  1973 | D:3      | Became a worshipper of Gozag Ym Sagoz the Greedy
  2051 | D:3      | Reached XP level 6. HP: 44/44 MP: 9/9
  2055 | D:3      | Reached skill level 5 in Polearms
  2077 | D:3      | HP: 2/44 [gnoll/+0 spear (5)]
  2091 | D:3      | Slain by a gnoll

Levels and vault maps discovered:
D:1:      minmay_arrival_floating_metal, layout_basic, minmay_misc_feat_hallway,
          st_stairs_11
D:2:      layout_rooms, yredelemnul_forgotten_temple_becter
D:3:      minmay_angry_zag, layout_loops_ring, grunt_gozag_statues, minitemple,
          gup_sewer_entry_spiral, first_ration

Skill      XL: |  1  2  3  4  5  6 |
---------------+-------------------+-----
Polearms       | 4 5 |  5.3
Charms         | 4 |  4.2
Hexes          | 1 3 4 |  4.2
Fighting       | |  2.1
Armour         | |  0.6
Dodging        | |  2.6
Spellcasting   | |  2.0

Action                   |  1- 3 |  4- 6 || total
-------------------------+-------+-------++-------
Melee: Spear             |   146 |   138 ||   284
 Cast: Infusion          |     7 |    16 ||    23
       Spectral Weapon   |       |     4 ||     4
  Use: Scroll            |     2 |     1 ||     3
 Stab: Sleeping          |     1 |       ||     1
  Eat: Chunk             |     1 |     4 ||     5
Armor: Leather armour    |    22 |    25 ||    47
Dodge: Dodged            |    68 |    68 ||   136

Table legend:
 A = Non-vault XP
 B = Vault XP
 C = Vault XP percentage of total XP
 D = Non-vault monster count
 E = Vault monster count
 F = Vault count percentage of total count
                 A         B        C        D         E       F
            +---------+---------+-------+---------+---------+-------
      Total |     357 |       7 |   1.9 |      81 |       5 |   5.8
            +---------+---------+-------+---------+---------+-------
        D:1 |      54 |       6 |  10.0 |      30 |       4 |  11.8
        D:2 |      41 |       1 |   2.4 |      19 |       1 |   5.0
        D:3 |     262 |       0 |   0.0 |      32 |       0 |   0.0
            +---------+---------+-------+---------+---------+-------
